 Dungeon Crawl Stone Soup version 0.27-a0-590-g94244163b4 (webtiles) character file.

Game seed: 11803475575150403199

406 wakim the Protected (level 6, 0/51 HPs)
             Began as a Gnoll Wanderer on Mar 10, 2021.
             Was a Follower of Fedhas.
             Slain by a gnoll
             ... wielding a +2 halberd of venom
              (7 damage)
             ... on level 4 of the Dungeon.
             The game lasted 00:13:24 (3889 turns).

wakim the Protected (Gnoll Wanderer)                Turns: 3889, Time: 00:13:25

Health: 0/51       AC:  7    Str: 13    XL:     6   Next: 87%
Magic:  9/9        EV: 11    Int: 12    God:    Fedhas [*.....]
Gold:   121        SH:  0    Dex: 11    Spells: 9/9 levels left

rFire    + . .     SeeInvis .   a - +3 flail (vorpal)
rCold    . . .     Faith    .   (no shield)
rNeg     . . .     Spirit   .   k - +0 leather armour {rF+}
rPois    .         Reflect  .   p - +0 helmet
rElec    .         Harm     .   (no cloak)
rCorr    .         Rampage  .   (no gloves)
Will     .....                  i - +0 pair of boots
Stlth    ++........             (no amulet)
HPRegen  0.17/turn              (no ring)
MPRegen  0.11/turn              (no ring)

@: lethally poisoned (0 -> -9)
A: fangs 1, strong nose, distributed training
a: Renounce Religion


You were on level 4 of the Dungeon.
You worshipped Fedhas.
Fedhas was aware of your devotion.
You visited 1 branch of the dungeon, and saw 4 of its levels.

You collected 121 gold pieces.

Inventory:

Hand Weapons
 a - a +3 vorpal flail (weapon)
 b - a +0 hunting sling
 t - a +2 dagger
Missiles
 f - 69 bolts
 q - 4 sling bullets
 r - 7 poisoned darts (quivered)
Armour
 i - a +0 pair of boots (worn)
 k - a +0 leather armour of fire resistance (worn)
 p - a +0 helmet (worn)
Wands
 v - a wand of paralysis (5)
Scrolls
 e - a scroll of identify
 g - 2 scrolls of teleportation
 h - 2 scrolls of blinking
Potions
 c - a potion of haste {unknown}
 d - 2 potions of lignification
 j - a potion of heal wounds
 l - 2 potions of attraction
 o - a potion of brilliance {unknown}
 u - a potion of curing {unknown}


   Skills:
 + Level 5.0 Fighting
 + Level 2.1 Short Blades
 + Level 2.1 Long Blades
 + Level 2.1 Axes
 + Level 5.0 Maces & Flails
 + Level 2.1 Polearms
 + Level 2.1 Staves
 + Level 2.1 Slings
 + Level 2.1 Bows
 + Level 2.1 Crossbows
 + Level 2.1 Throwing
 + Level 8.8 Armour
 + Level 2.1 Dodging
 + Level 3.2 Stealth
 + Level 3.3 Shields
 + Level 2.1 Unarmed Combat
 + Level 2.1 Spellcasting
 + Level 1.7 Conjurations
 + Level 1.7 Hexes
 + Level 1.7 Summonings
 + Level 1.7 Necromancy
 + Level 1.7 Translocations
 + Level 1.7 Transmutations
 + Level 1.7 Fire Magic
 + Level 1.7 Ice Magic
 + Level 1.7 Air Magic
 + Level 1.7 Earth Magic
 + Level 1.7 Poison Magic
 + Level 2.3 Invocations
 + Level 2.1 Evocations


You had 9 spell levels left.
You didn't know any spells.
Your spell library was empty.

Dungeon Overview and Level Annotations

Branches:
Dungeon (4/15)             Temple (0/1) D:4

Altars:
Dithmenos
Fedhas
Gozag
Xom


Innate Abilities, Weirdness & Mutations

You have very sharp teeth.
Your uncanny sense of smell can sniff out nearby items.
Your experience applies equally to all skills.


Message History

A gnoll comes into view. It is wielding a +2 halberd of venom.
a - a +3 vorpal flail (weapon)
You barely miss the gnoll shaman.
The gnoll shaman is heavily wounded.
The gnoll shaman closely misses you.
The gnoll shouts!
You hit the gnoll shaman.
The gnoll shaman is severely wounded.
The gnoll shaman misses you.
The gnoll shaman hits you with a +0 whip.
You sock the gnoll shaman!
You kill the gnoll shaman!
Fedhas appreciates your contribution to the ecosystem.
You completely miss the gnoll. The gnoll hits you with a +4 whip.
The gnoll closely misses you. The gnoll misses you.
You thump the gnoll!
You kill the gnoll!
Fedhas appreciates your contribution to the ecosystem.
The gnoll closely misses you.
The gnoll hits you from afar with a +0 spear.
The gnoll hits you but does no damage. The gnoll closely misses you.
Things that are here:
a +4 whip; a +0 whip; a +0 robe You barely miss the gnoll.
You bite the gnoll, but do no damage.
The gnoll hits you from afar with a +0 spear.
The gnoll hits you from afar with a +0 halberd!
* * * LOW HITPOINT WARNING * * *
A quokka skeleton comes into view.
The gnoll hits you with a +2 halberd of venom.
* * * LOW HITPOINT WARNING * * *
You are poisoned.
You hit the gnoll.
The gnoll is lightly wounded.
You feel sick.
The gnoll hits you from afar with a +0 spear.
* * * LOW HITPOINT WARNING * * *
The gnoll misses you.
The gnoll hits you with a +2 halberd of venom!
You die...
Fedhas appreciates your contribution to the ecosystem.

..#### #.# #(#.#*********≈≈,
.....####.#######.#.# ***+
..##.......†......#.# ***,
..#######<#########.# *,*,
.........†######.##.# *,*,
........)).)....#...# *,**
########..######[#######******,**
# #..# #.#*#...,,,,,,*,*, ####
#..######@##..#,,,*,,,,,,,
.#.#####......##g#..#*,,,**,,*,,,
..#....)..###.##gg.#*,,,,,**,,,,,
...#####.##.....g.##,,*,*,,**,,,,
..##** #<##.###......#*,**,,,,*,,
.....# #..,,* #..(.B##,,,**,,,**,
####.# ####,**#....(Z.,>,,,,,,***
# *,# *,,,..>..(##.,,**,,,***
*,** ***.##.....**g#*,,,,,,,


You could see a worker ant and 4 gnolls.

Vanquished Creatures
  An ogre (D:4)
  A howler monkey (D:4)
  A gnoll shaman (D:4)
  An orc priest (D:4)
  An orc wizard (D:4)
  5 gnolls
  5 adders
  An ufetubus (D:2)
  2 oozes
  2 worms
  2 dart slugs
  2 leopard geckos
  8 orcs
  2 ball pythons (D:2)
  4 giant cockroaches
  6 goblins
  2 hobgoblins (D:1)
  4 jackals (D:4)
  12 kobolds
  2 quokkas
  6 bats
  6 frilled lizards
  10 rats
86 creatures vanquished.

Vanquished Creatures (others)
  5 dream sheep (D:3)
5 creatures vanquished.

Grand Total: 91 creatures vanquished

Notes
Turn   | Place    | Note
-------+----------+-------------------------------------------
     0 | D:1      | wakim the Gnoll Wanderer began the quest for the Orb.
     0 | D:1      | wakim set off with the following items: a +2 dagger, a
                  | potion of berserk rage, a +0 ring mail, a potion of
                  | lignification
     0 | D:1      | Reached XP level 1. HP: 20/20 MP: 1/1
   162 | D:1      | Reached XP level 2. HP: 26/26 MP: 2/2
   791 | D:1      | Reached XP level 3. HP: 31/31 MP: 3/3
  1085 | D:2      | Reached skill level 1 in Invocations
  1209 | D:2      | Reached skill level 1 in Short Blades
  1209 | D:2      | Reached skill level 1 in Long Blades
  1209 | D:2      | Reached skill level 1 in Axes
  1209 | D:2      | Reached skill level 1 in Polearms
  1209 | D:2      | Reached skill level 1 in Staves
  1209 | D:2      | Reached skill level 1 in Slings
  1209 | D:2      | Reached skill level 1 in Bows
  1209 | D:2      | Reached skill level 1 in Crossbows
  1209 | D:2      | Reached skill level 1 in Throwing
  1209 | D:2      | Reached skill level 1 in Dodging
  1209 | D:2      | Reached skill level 1 in Unarmed Combat
  1209 | D:2      | Reached skill level 1 in Spellcasting
  1209 | D:2      | Reached skill level 1 in Evocations
  1393 | D:2      | Reached XP level 4. HP: 38/38 MP: 5/5
  1593 | D:2      | Found a blossoming altar of Fedhas.
  1606 | D:2      | Became a worshipper of Fedhas Madash
  1945 | D:2      | Found an opulent altar of Gozag.
  1967 | D:2      | Reached skill level 1 in Conjurations
  1967 | D:2      | Reached skill level 1 in Hexes
  1967 | D:2      | Reached skill level 1 in Summonings
  1967 | D:2      | Reached skill level 1 in Necromancy
  1967 | D:2      | Reached skill level 1 in Translocations
  1967 | D:2      | Reached skill level 1 in Transmutations
  1967 | D:2      | Reached skill level 1 in Fire Magic
  1967 | D:2      | Reached skill level 1 in Ice Magic
  1967 | D:2      | Reached skill level 1 in Air Magic
  1967 | D:2      | Reached skill level 1 in Earth Magic
  1967 | D:2      | Reached skill level 1 in Poison Magic
  2313 | D:3      | Found a faded altar of an unknown god.
  2512 | D:3      | Found a shadowy altar of Dithmenos.
  2534 | D:3      | Reached XP level 5. HP: 43/43 MP: 5/7
  2639 | D:3      | Noticed a dream sheep
  2639 | D:3      | Noticed a dream sheep
  2639 | D:3      | Noticed a dream sheep
  2639 | D:3      | Noticed a dream sheep
  2639 | D:3      | Noticed a dream sheep
  2639 | D:3      | Found a shimmering altar of Xom.
  2645 | D:3      | Killed a dream sheep
  2645 | D:3      | Killed a dream sheep
  2645 | D:3      | Killed a dream sheep
  2646 | D:3      | Killed a dream sheep
  2647 | D:3      | Killed a dream sheep
  3200 | D:4      | Reached * piety under Fedhas
  3361 | D:4      | Noticed an ogre
  3373 | D:4      | Killed an ogre
  3374 | D:4      | Reached XP level 6. HP: 16/50 MP: 8/8
  3627 | D:4      | Reached skill level 5 in Fighting
  3627 | D:4      | Reached skill level 5 in Maces & Flails
  3889 | D:4      | Slain by a gnoll

Illustrated notes

Levels and vault maps discovered:
D:1:      roderic_crossed_star, layout_loops_corners
D:2:      layout_loops_ring, lemuel_round_altar, chequers_serial_rivers_large_a,
          fedhas_altar_2
D:3:      layout_basic, kb_xom_exploding_sheep,
          chequers_ecumenical_altar_island, nicolae_dithmenos_shadow_blocks
D:4:      layout_loops_ring, minmay_temple_entry_waves, led_sif_pool

Skill      XL: |  1  2  3  4  5  6 |
---------------+-------------------+-----
Invocations    | 1 2 |  2.3
Short Blades   | 1 2 |  2.1
Long Blades    | 1 2 |  2.1
Axes           | 1 2 |  2.1
Polearms       | 1 2 |  2.1
Staves         | 1 2 |  2.1
Slings         | 1 2 |  2.1
Bows           | 1 2 |  2.1
Crossbows      | 1 2 |  2.1
Throwing       | 1 2 |  2.1
Dodging        | 1 2 |  2.1
Unarmed Combat | 1 2 |  2.1
Spellcasting   | 1 2 |  2.1
Evocations     | 1 2 |  2.1
Conjurations   | 1 |  1.7
Hexes          | 1 |  1.7
Summonings     | 1 |  1.7
Necromancy     | 1 |  1.7
Translocations | 1 |  1.7
Transmutations | 1 |  1.7
Fire Magic     | 1 |  1.7
Ice Magic      | 1 |  1.7
Air Magic      | 1 |  1.7
Earth Magic    | 1 |  1.7
Poison Magic   | 1 |  1.7
Shields        | 3 |  3.3
Stealth        | 3 |  3.2
Fighting       | 5 |  5.0
Maces & Flails | 5 |  5.0
Armour         | |  8.8

Action                   |  1- 3 |  4- 6 || total
-------------------------+-------+-------++-------
Melee: Dagger            |    73 |    38 ||   111
       Bite              |     4 |     9 ||    13
       Flail             |       |    62 ||    62
 Fire: Hunting sling     |    76 |    67 ||   143
Throw: Stone             |    15 |       ||    15
  Use: Potion            |     1 |       ||     1
       Scroll            |       |    11 ||    11
 Stab: Distracted        |     1 |       ||     1
Armor: Ring mail         |    32 |    29 ||    61
       Leather armour    |       |    23 ||    23
Dodge: Dodged            |    38 |    70 ||   108

Table legend: (Time is in decaauts)
 A = Elapsed time spent in this place.
 B = Non-inter-level travel time spent in this place.
 C = Inter-level travel time spent in this place.
 D = Time resting spent in this place.
 E = Time spent auto-exploring this place.
 F = Levels seen in this place.
 G = Mean time per level.
                   A        B        C        D        E       F      G
               +--------+--------+--------+--------+--------+-----+--------+
         Total |   3920 |   3801 |    119 |    661 |   2322 |   4 |  980.0 |
       Dungeon |   3920 |   3801 |    119 |    661 |   2322 |   4 |  980.0 |
               +--------+--------+--------+--------+--------+-----+--------+

Top non-repeatable levels by time:
     D:3: 1363 daAuts
     D:2: 1249 daAuts
     D:1: 913 daAuts
     D:4: 394 daAuts
